 Dungeon Sprint DCSS version 0.26-a0-958-gf3041fb45f (webtiles) character file.

Game seed: 5592383730121103778

10672 iamoutofideas the Eclecticist (level 11, -2/54 HPs)
             Began as a Deep Elf Fire Elementalist on Dec 1, 2020.
             Was the Champion of Vehumet.
             Killed from afar by a deep elf annihilator (33 damage)
             ... with a bolt of lightning
             ... in the Dungeon (Sprint III: "The Ten Rune Challenge").
             The game lasted 00:10:23 (2613 turns).

iamoutofideas the Eclecticist (DEFE)                Turns: 2613, Time: 00:10:23

Health: -2/54      AC:  3    Str:  5    XL:     11   Next: 39%
Magic:  20/35      EV: 15    Int: 24    God:    Vehumet [******]
Gold:   381        SH:  0    Dex: 15    Spells: 6/47 levels left

rFire    + . .     SeeInvis +   q - +2 long sword (holy)
rCold    + . .     Faith    .   (no shield)
rNeg     . . .     Spirit   .   a - +0 robe
rPois    .         Reflect  .   p - +1 hat
rElec    .         Harm     .   (no cloak)
rCorr    .         Rampage  .   (no gloves)
MR       ++...     NoTele   +   (no boots)
Stlth    +++.......             (no amulet)
HPRegen  0.18/turn              t - ring of protection from magic
MPRegen  0.24/turn              w - ring of Yendor {rF+ SInv}

@: no status effects
A: cold resistance 1, wild magic 1
a: Renounce Religion


You were in the Dungeon.
You worshipped Vehumet.
Vehumet was exalted by your worship.
You visited 1 branch You collected 2109 gold pieces.
You spent 1728 gold pieces at shops.

Inventory:

Hand Weapons
 n - a +0 dagger
 q - a +2 long sword of holy wrath (weapon)
Armour
 a - a +0 robe (worn)
 p - a +1 hat (worn)
Jewellery
 h - an uncursed ring of poison resistance
 s - an uncursed ring of resist corrosion
 t - a ring of protection from magic (left hand)
 u - an uncursed ring of wizardry
 v - an uncursed ring of positive energy
 w - the ring of Yendor (right hand) {rF+ SInv}
   (You bought it in a shop in the Dungeon)

   [ring of see invisible]

   It protects you from fire.
   It lets you see invisible.
Scrolls
 i - a scroll of immolation
 j - a scroll of identify
 k - a scroll of amnesia
 m - a scroll of holy word
Potions
 b - a potion of mutation
 c - 3 potions of curing
 d - 2 potions of heal wounds
 e - a potion of haste
 f - a potion of magic
 g - 2 potions of berserk rage
 l - 3 potions of flight
 o - a potion of might
Miscellaneous
 r - a condenser vane


   Skills:
 + Level 5.6 Dodging
 - Level 4.3 Stealth
 - Level 0.1 Unarmed Combat
 + Level 18.6 Spellcasting
 + Level 14.8 Conjurations
 + Level 11.8 Hexes
 + Level 16.4 Fire Magic
 * Level 7.1 Ice Magic


You had 6 spell levels left.
You knew the following spells:

 Your Spells              Type           Power        Failure   Level
a - Foxfire               Conj/Fire      ####         1%          1
b - Conjure Flame         Conj/Fire      #######.     1%          3
c - Inner Flame           Hex/Fire       #######.     1%          3
d - Fireball              Conj/Fire      #######...   1%          5
e - Petrify               Tmut/Erth      ####....     30%         4
f - Metabolic Englaciati  Hex/Ice        ######....   2%          5
g - Gell's Gravitas       Tloc           ####......   11%         3
h - Sticky Flame          Conj/Fire      #######.     1%          4
i - Static Discharge      Conj/Air       ######..     1%          3
j - Fulminant Prism       Conj/Hex       #######...   1%          4
k - Iron Shot             Conj/Erth      ######....   6%          6

Your spell library contained the following spells:

 Spells                   Type           Power        Failure   Level
 Hailstorm                Conj/Ice       #######.     1%          4
 Confusing Touch          Hex            #######.     1%          3
 Yara's Violent Unravell  Hex/Tmut       ######....   2%          5


Dungeon Overview and Level Annotations

Branches:
Dungeon (1/1)

Altars:
Cheibriados
Dithmenos
Elyvilon
Fedhas
Gozag
Hepliaklqana
Kikubaaqudgha
Makhleb
Nemelex Xobeh
Okawaru
Qazlal
Ru
Sif Muna
Trog
Uskayaw
Vehumet
Wu Jian
Xom
Yredelemnul
Zin
The Shining One
Beogh
Jiyva
Lugonu

Shops:
D =


Innate Abilities, Weirdness & Mutations

Your flesh is cold resistant. (rC+)
Your spells are a little harder to cast, but a little more powerful.


Message History

Press: ? - help, v - describe, . - travel
Here: a deep elf master archer, wielding a +0 longbow, wearing a +2 chain mail of poison resistance, wearing an uncursed amulet of magic regeneration and quivering 27 arrows (severely wounded)
The floor.
Casting: Fireball (safe; 1% risk of failure)
Confirm with . or Enter, or press ? or * to list all spells.
Aiming: Fireball (safe; 1% risk of failure)
Press: ? - help, Shift-Dir - straight line, f/p - deep elf master archer
Aim: a deep elf master archer, wielding a +0 longbow, wearing a +2 chain mail of poison resistance, wearing an uncursed amulet of magic regeneration and quivering 27 arrows (severely wounded)
The fireball explodes!
The fireball engulfs the deep elf master archer!!
You kill the deep elf master archer!
Vehumet accepts your kill.
You feel your power returning.
The fireball engulfs the deep elf annihilator!
The deep elf annihilator resists.
The deep elf annihilator is lightly wounded.
The deep elf annihilator casts a spell at you.
The bolt of lightning hits you!!
Ouch! That really hurt!
You die...

▓▓▓▓▓ #####.#.##########
### ##.#..#....'.#...#
[..)
#..........#.#...##≈≈§§#
#...))...###.#.(@≈≈≈..)e
#)))).....##)#)..##≈≈§§#
#._))..∩.###.')..# ).'
#))#...### ####### #
#'#####################
#....#.#.#.....#.^.^..+
##.#).#.##.###.#...^..#
'##)#.#.##.#..##....^.#
#...#..#..##.([.^..)..#


You could see a deep elf annihilator.

Vanquished Creatures
  A deep elf master archer (D)
  A deep elf demonologist (D)
  A deep elf death mage (D)
  Erolcha (D)
  A deep elf high priest (D)
  A deep elf knight (D)
  An orc high priest (D)
  2 orc knights (D)
  5 deep elf magi (D)
  2 orc sorcerers (D)
  3 wandering mushrooms (D)
  A shadow (D)
  2 redbacks (D)
  A spatial vortex (D)
  2 orc warriors (D)
  A necrophage (D)
  5 two-headed ogres (D)
  A water elemental (D)
  3 orc priests (D)
  A jelly (D)
  A wizard (D)
  A necromancer (D)
  3 humans (D)
  A kobold demonologist (D)
  A wolf (D)
  7 orcs (D)
  A bat (D)
  4 rats (D)
55 creatures vanquished.

Vanquished Creatures (others)
  80 foxfires (D)
  2 plants (D)
82 creatures vanquished.

Grand Total: 137 creatures vanquished

Notes
Turn   | Place    | Note
-------+----------+-------------------------------------------
     0 | D        | iamoutofideas the Deep Elf Fire Elementalist began the
                  | quest for the Orb.
     0 | D        | Reached XP level 1. HP: 10/10 MP: 6/6
   190 | D        | Noticed a wolf
   196 | D        | Killed a wolf
   197 | D        | Reached skill level 4 in Spellcasting
   197 | D        | Reached XP level 2. HP: 15/15 MP: 2/9
   214 | D        | Reached skill level 5 in Spellcasting
   214 | D        | Reached skill level 5 in Fire Magic
   214 | D        | Reached XP level 3. HP: 1/19 MP: 0/11
   313 | D        | Gained mutation: You expend magic power (3 MP) to
                  | strengthen your wands. [potion of mutation]
   313 | D        | Gained mutation: You have sharp toenails. [potion of
                  | mutation]
   505 | D        | Lost mutation: You expend magic power (3 MP) to strengthen
                  | your wands. [potion of mutation]
   505 | D        | Lost mutation: You have sharp toenails. [potion of
                  | mutation]
   505 | D        | Gained mutation: Your spells are a little harder to cast,
                  | but a little more powerful. [potion of mutation]
   505 | D        | Gained mutation: Your flesh is cold resistant. (rC+)
                  | [potion of mutation]
   530 | D        | Learned a level 3 spell: Conjure Flame
   534 | D        | Learned a level 3 spell: Inner Flame
   534 | D        | Noticed a water elemental
   548 | D        | Killed a water elemental
   549 | D        | Reached skill level 6 in Spellcasting
   549 | D        | Reached XP level 4. HP: 13/24 MP: 5/14
   685 | D        | Found a basalt altar of Yredelemnul.
   685 | D        | Found a shadowy altar of Dithmenos.
   685 | D        | Found a sacrificial altar of Ru.
   685 | D        | Noticed a necrophage
   690 | D        | Reached skill level 7 in Spellcasting
   692 | D        | Killed a necrophage
   693 | D        | Reached skill level 8 in Spellcasting
   693 | D        | Reached skill level 5 in Conjurations
   693 | D        | Reached XP level 5. HP: 14/28 MP: 10/18
   854 | D        | Learned a level 5 spell: Fireball
   857 | D        | Found a radiant altar of Vehumet.
   857 | D        | Found a shimmering blue altar of Sif Muna.
   857 | D        | Found an ancient bone altar of Kikubaaqudgha.
   865 | D        | Noticed a hellwing
   880 | D        | Reached skill level 9 in Spellcasting
   914 | D        | Learned a level 4 spell: Petrify
   920 | D        | Learned a level 5 spell: Metabolic Englaciation
   922 | D        | Became a worshipper of Vehumet
   945 | D        | Found a glowing silver altar of Zin.
   945 | D        | Found a glowing golden altar of the Shining One.
   945 | D        | Found a white marble altar of Elyvilon.
   947 | D        | Noticed a deep elf mage
   948 | D        | Killed a deep elf mage
   949 | D        | Reached skill level 11 in Spellcasting
   949 | D        | Reached skill level 10 in Fire Magic
   949 | D        | Reached XP level 6. HP: 32/32 MP: 8/22
   949 | D        | Reached XP level 7. HP: 36/36 MP: 8/24
  1033 | D        | Found a hide-covered altar of Uskayaw.
  1033 | D        | Found a roughly hewn altar of Beogh.
  1033 | D        | Found an iron altar of Okawaru.
  1033 | D        | Found a bloodstained altar of Trog.
  1033 | D        | Found an ornate altar of the Wu Jian Council.
  1033 | D        | Noticed a human
  1035 | D        | Killed a human
  1035 | D        | Killed a human
  1035 | D        | Reached * piety under Vehumet
  1035 | D        | Offered knowledge of Magic Dart by Vehumet.
  1036 | D        | Reached skill level 12 in Spellcasting
  1097 | D        | Noticed a shadow
  1100 | D        | Killed a shadow
  1101 | D        | Reached skill level 10 in Conjurations
  1101 | D        | Reached XP level 8. HP: 41/41 MP: 11/26
  1178 | D        | Found a blossoming altar of Fedhas.
  1178 | D        | Found a stormy altar of Qazlal.
  1178 | D        | Found a snail-covered altar of Cheibriados.
  1178 | D        | Found a burning altar of Makhleb.
  1178 | D        | Found a shimmering altar of Xom.
  1179 | D        | Found a hazy altar of Hepliaklqana.
  1179 | D        | Found an opulent altar of Gozag.
  1179 | D        | Found a sparkling altar of Nemelex Xobeh.
  1179 | D        | Found a corrupted altar of Lugonu.
  1179 | D        | Found a viscous altar of Jiyva.
  1207 | D        | Offered knowledge of Shock by Vehumet.
  1207 | D        | Reached ** piety under Vehumet
  1208 | D        | Reached skill level 13 in Spellcasting
  1327 | D        | Learned a level 3 spell: Gell's Gravitas
  1353 | D        | Offered knowledge of Searing Ray by Vehumet.
  1485 | D        | Noticed a two-headed ogre
  1501 | D        | Killed a two-headed ogre
  1501 | D        | Reached *** piety under Vehumet
  1502 | D        | Reached skill level 14 in Spellcasting
  1583 | D        | Learned a level 4 spell: Sticky Flame
  1605 | D        | Noticed a two-headed ogre
  1605 | D        | Noticed Erolcha
  1607 | D        | Offered knowledge of Static Discharge by Vehumet.
  1608 | D        | Reached XP level 9. HP: 45/45 MP: 14/29
  1618 | D        | Killed Erolcha
  1619 | D        | Reached skill level 15 in Spellcasting
  1620 | D        | Killed a two-headed ogre
  1620 | D        | Reached **** piety under Vehumet
  1621 | D        | Reached skill level 16 in Spellcasting
  1769 | D        | Learned a level 3 spell: Static Discharge
  1924 | D        | Noticed a wandering mushroom
  1929 | D        | Killed a wandering mushroom
  1929 | D        | Offered knowledge of Fulminant Prism by Vehumet.
  1933 | D        | Noticed a wandering mushroom
  1934 | D        | Noticed a wandering mushroom
  1937 | D        | Killed a wandering mushroom
  1937 | D        | Killed a wandering mushroom
  1938 | D        | Reached skill level 5 in Dodging
  1985 | D        | Learned a level 4 spell: Fulminant Prism
  2032 | D        | Found a roughly hewn altar of Beogh.
  2032 | D        | Noticed an orc sorcerer
  2032 | D        | Noticed an orc sorcerer
  2033 | D        | Reached ***** piety under Vehumet
  2033 | D        | Offered knowledge of Iron Shot by Vehumet.
  2034 | D        | Noticed an orc high priest
  2035 | D        | Paralysed by an orc sorcerer for 2 turns
  2036 | D        | Noticed an orc knight
  2037 | D        | Killed an orc sorcerer
  2037 | D        | Killed an orc sorcerer
  2037 | D        | Killed an orc high priest
  2038 | D        | Reached XP level 10. HP: 28/50 MP: 24/32
  2040 | D        | Noticed an orc knight
  2043 | D        | Killed an orc knight
  2044 | D        | Killed an orc knight
  2044 | D        | Reached ****** piety under Vehumet
  2045 | D        | Reached skill level 17 in Spellcasting
  2045 | D        | Found Mahuag's Jewellery Emporium.
  2215 | D        | Learned a level 6 spell: Iron Shot
  2247 | D        | Bought an uncursed ring of poison resistance for 240 gold
                  | pieces
  2247 | D        | Bought an uncursed ring of resist corrosion for 240 gold
                  | pieces
  2247 | D        | Bought an uncursed ring of protection from magic for 300
                  | gold pieces
  2247 | D        | Bought an uncursed ring of wizardry for 360 gold pieces
  2247 | D        | Bought an uncursed ring of positive energy for 240 gold
                  | pieces
  2247 | D        | Bought the ring of Yendor {rF+ SInv} for 348 gold pieces
  2260 | D        | Noticed a deep elf mage
  2260 | D        | Noticed a deep elf knight
  2260 | D        | Noticed a deep elf mage
  2260 | D        | Noticed a deep elf mage
  2260 | D        | Noticed a deep elf mage
  2270 | D        | Killed a deep elf mage
  2270 | D        | Offered knowledge of Hailstorm by Vehumet.
  2271 | D        | Reached skill level 15 in Fire Magic
  2271 | D        | Killed a deep elf mage
  2272 | D        | Killed a deep elf knight
  2274 | D        | Killed a deep elf mage
  2275 | D        | Reached skill level 5 in Ice Magic
  2275 | D        | Reached XP level 11. HP: 54/54 MP: 13/34
  2275 | D        | Killed a deep elf mage
  2366 | D        | Noticed a deep elf mage
  2367 | D        | Noticed a deep elf annihilator
  2370 | D        | Noticed a deep elf death mage
  2371 | D        | Identified the +8 rapier of Sin {drain, Str+5 Int-2}
  2371 | D        | Noticed a deep elf high priest
  2375 | D        | Killed a deep elf death mage
  2376 | D        | Reached skill level 18 in Spellcasting
  2450 | D        | Killed a deep elf high priest
  2604 | D        | Noticed a deep elf demonologist
  2607 | D        | Killed a deep elf demonologist
  2610 | D        | Noticed a deep elf master archer
  2613 | D        | Killed a deep elf master archer
  2613 | D        | Killed from afar by a deep elf annihilator

Illustrated notes

Levels and vault maps discovered:
D:        dungeon_sprint_mu [sprint_mu_entry_forest, sprint_mu_temple_rooms,
          sprint_mu_d1_spiders, sprint_mu_d2_genie, sprint_mu_d3_branching,
          sprint_mu_orc_legion, sprint_mu_elf_gauntlet, sprint_mu_hive_nellie,
          sprint_mu_lair_fedhas, sprint_mu_vaults_butterflies,
          sprint_mu_slime_circle, sprint_mu_swamp_cave, sprint_mu_shoals_kraken,
          sprint_mu_blade_basic, sprint_mu_crypt_fortress,
          sprint_mu_tomb_spiral, sprint_mu_vestibule_basic,
          sprint_mu_gehenna_hellfire, sprint_mu_dis_giant,
          sprint_mu_tartarus_statrot, sprint_mu_cocytus_islands, sprint_mu_zot1]

Skill      XL: |  1  2  3  4  5  6  7  8  9 10 11 |
---------------+----------------------------------+-----
Dodging        | 3 4 5 |  5.6
Stealth        | 3 4 |  4.3
Spellcasting   | 4 5 6 8 11 12 14 16 17 18 | 18.6
Fire Magic     | 4 5 7 8 10 11 13 14 15 16 | 16.4
Conjurations   | 2 3 5 9 10 11 13 14 | 14.8
Hexes          | 11 | 11.8
Ice Magic      | 5 7 |  7.1
Unarmed Combat | |  0.1

Action                   |  1- 3 |  4- 6 |  7- 9 | 10-12 || total
-------------------------+-------+-------+-------+-------++-------
Melee: Unarmed           |     6 |       |       |       ||     6
 Cast: Foxfire           |    22 |     7 |    28 |       ||    57
       Fireball          |       |     3 |    29 |    24 ||    56
       Conjure Flame     |       |     2 |     1 |       ||     3
       Sticky Flame      |       |       |     3 |       ||     3
  Use: Potion            |     2 |       |     1 |       ||     3
       Scroll            |       |       |     4 |       ||     4
Armor: Robe              |     1 |     1 |       |       ||     2
Dodge: Dodged            |    14 |     6 |    10 |     1 ||    31
       Rpst.: Long sword |       |       |     2 |       ||     2

Table legend: (Time is in decaauts)
 A = Elapsed time spent in this place.
 B = Non-inter-level travel time spent in this place.
 C = Inter-level travel time spent in this place.
 D = Time resting spent in this place.
 E = Time spent auto-exploring this place.
 F = Levels seen in this place.
 G = Mean time per level.
                   A        B        C        D        E       F      G
               +--------+--------+--------+--------+--------+-----+--------+
         Total |   2618 |   2544 |     74 |   1867 |     70 |   1 | 2618.0 |
       Dungeon |   2618 |   2544 |     74 |   1867 |     70 |   1 | 2618.0 |
               +--------+--------+--------+--------+--------+-----+--------+

Top non-repeatable levels by time:
       D: 2618 daAuts
